 Dungeon Sprint DCSS version 0.29-a0-870-g2c972031a6 (webtiles) character file.

Game seed: 9867666345836898058

285594 mhtbhm the Gargoyle Barricade (level 18, -1/130 HPs)
             Began as a Gargoyle Fighter on July 17, 2022.
             Was the Champion of Okawaru.
             Killed from afar by an orb of fire (38 damage)
             ... with a fireball
             ... in the Dungeon (Sprint IX: "|||||||||||||||||||||||||||||").
             The game lasted 00:20:21 (8194 turns).

mhtbhm the Gargoyle Barricade (Gargoyle Fighter)    Turns: 8194, Time: 00:20:21

Health: -1/130     AC: 61    Str: 28    XL:     18   Next: 96%
Magic:  28/28      EV: 18    Int: 20    God:    Okawaru [******]
Gold:   309        SH: 18    Dex: 17    Spells: 15/17 levels left

rFire   + . .      SeeInvis +   O - +4 morningstar "Bixithiadgh" {freeze, Int+4 Dex+4}
rCold   + + .      Faith    .   W - +0 kite shield {reflect}
rNeg    + + .      Spirit   .   b - +5 gold dragon scales
rPois   ∞          Reflect  +   t - +2 hat {Int+3}
rElec   +          Harm     .   p - +1 cloak of Starlight {*Dazzle EV+4 Stlth--}
rCorr   .          Rampage  +   j - +1 pair of gloves "Gef Cubb" {rPois rN+ Int+4 SInv}
Will    +....      NoTele   +   n - +0 pair of boots {rampage}
Stlth   +.........              J - amulet of regeneration
HPRegen 1.11/turn               T - ring "Wotuv" {rC+ Slay+3}
MPRegen 0.21/turn               H - ring of the Witching Jester {AC+4 Dex+4 Slay+2}

@: mighty, heroic, flying
A: sickness immunity, AC +13, big wings, negative energy resistance 1,
electricity resistance, torment resistance 1, petrification resistance,
iridescent scales 1, frail 1, low MP 2, subdued magic 1
}: 5/17 runes: decaying, serpentine, barnacled, silver, gossamer
a: Renounce Religion, Heroism, Finesse


You were in the Dungeon.
You worshipped Okawaru.
Okawaru was exalted by your worship.
You visited 1 branch You collected 2022 gold pieces.
You spent 1713 gold pieces at shops.

Inventory:

Hand Weapons
 a - a +4 morningstar of draining
 v - a +6 war axe of holy wrath
 E - a +3 eveningstar of distortion
 O - the +4 morningstar "Bixithiadgh" (weapon) {freeze, Int+4 Dex+4}
   (Okawaru gifted it to you in the Dungeon)

   It freezes those it strikes, dealing additional cold damage.
   It can also slow down cold-blooded creatures.
   Int:       It affects your intelligence (+4).
   Dex:       It affects your dexterity (+4).
 V - a +5 double sword of holy wrath
Missiles
 m - 2 boomerangs (quivered)
 Q - 8 javelins
 R - a throwing net
Armour
 b - +5 gold dragon scales (worn)
 c - a +1 tower shield
 j - the +1 pair of gloves "Gef Cubb" (worn) {rPois rN+ Int+4 SInv}
   (Okawaru gifted it to you in the Dungeon)

   Int:       It affects your intelligence (+4).
   rPois:     It protects you from poison.
   rN:        It protects you from negative energy.
   SInv:      It lets you see invisible.
 n - a +0 pair of boots of rampaging (worn)
 p - the +1 cloak of Starlight (worn) {*Dazzle EV+4 Stlth--}
   (You found it in the Dungeon)

   It may blind those who miss an attack against the wearer in melee combat.
   EV:        It affects your evasion (+4).
   Stlth:     It makes you much less stealthy.
 t - a +2 hat of intelligence (worn)
 M - the +0 pair of gloves "Avveh" {rCorr}
   (You found it in the Dungeon)

   rCorr:     It protects you from acid and corrosion.
 W - a +0 kite shield of reflection (worn)
Jewellery
 B - a ring of protection from cold
 C - a ring of see invisible
 D - a ring of willpower
 H - the ring of the Witching Jester (right hand) {AC+4 Dex+4 Slay+2}
   (You found it in the Dungeon)

   [ring of protection]

   AC:        It affects your AC (+4).
   Dex:       It affects your dexterity (+4).
   Slay:      It affects your accuracy & damage with ranged weapons and melee
   (+2).
 J - an amulet of regeneration (around neck)
 L - the ring of Generosity {Wiz *Corrode *Slow rN++ MP+9}
   (You found it in the Dungeon)

   [ring of wizardry]

   It improves your spell success rate.
   rN:        It greatly protects you from negative energy.
   MP:        It affects your magic capacity (+9).
   *Corrode:  It may corrode you when you take damage.
   *Slow:     It may slow you when you take damage.
 S - the amulet "Sadigurot" {RegenMP Will- Str+7}
   (You found it in the Dungeon)

   [amulet of magic regeneration]

   It increases your rate of magic regeneration.
   Str:       It affects your strength (+7).
   Will:      It decreases your willpower.
 T - the ring "Wotuv" (left hand) {rC+ Slay+3}
   (You found it in the Dungeon)

   [ring of slaying]

   Slay:      It affects your accuracy & damage with ranged weapons and melee
   (+3).
   rC:        It protects you from cold.
 U - the amulet of Vezogh {RegenMP +Blink rF+ rC- MP+9}
   (You found it in the Dungeon)

   [amulet of magic regeneration]

   It increases your rate of magic regeneration.
   rF:        It protects you from fire.
   rC:        It makes you vulnerable to cold.
   MP:        It affects your magic capacity (+9).
   +Blink:    It lets you blink.
Wands
 o - a wand of iceblast (11)
 A - a wand of polymorph (1)
Scrolls
 g - 10 scrolls of enchant weapon
 l - 2 scrolls of amnesia
 q - a scroll of silence
 r - 6 scrolls of fog
 u - 6 scrolls of fear
 x - a scroll of poison
 y - a scroll of immolation
 z - 8 scrolls of identify
 I - a scroll of blinking
Potions
 d - 2 potions of might
 e - 8 potions of curing
 f - a potion of invisibility
 h - 9 potions of magic
 i - 3 potions of mutation
 k - 3 potions of heal wounds
 w - 2 potions of lignification
 F - 2 potions of berserk rage
 G - 9 potions of haste


   Skills:
 O Level 27 Fighting
 * Level 17.1(22.1) Long Blades
 O Level 27 Maces & Flails
 + Level 7.7(12.7) Throwing
 O Level 27 Armour
 + Level 8.8(13.8) Dodging
 - Level 21.9(26.9) Stealth
 O Level 27 Shields
 O Level 27 Invocations
 + Level 5.1 Evocations


You had 15 spell levels left.
You knew the following spells:

 Your Spells              Type           Power      Damage    Failure   Level
a - Wereblood             Tmut           0%         N/A       83%         2

Your spell library contained the following spells:

 Spells                   Type           Power      Damage    Failure   Level
 Beastly Appendage        Tmut           0%         N/A       69%         1
 Spider Form              Tmut/Pois      0%         N/A       96%         3
 Corpse Rot               Necr/Pois/Air  0%         N/A       100%        4
 Dispel Undead            Necr           0%         3d6       100%        4
 Death Channel            Necr           Unusable   N/A       N/A         6

Dungeon Overview and Level Annotations

Branches:
Dungeon (1/1)

Altars:
Cheibriados
Dithmenos
Elyvilon
Fedhas
Gozag
Hepliaklqana
Kikubaaqudgha
Makhleb
Nemelex Xobeh
Okawaru
Qazlal
Ru
Sif Muna
Trog
Uskayaw
Vehumet
Wu Jian
Xom
Yredelemnul
Zin
The Shining One
Jiyva
Lugonu

Shops:
D *([?


Innate Abilities, Weirdness & Mutations

You are immune to sickness and miasma.
Your stone body is resilient. (AC +13)
You are immune to poison.
Your large and strong wings let you fly.
You resist negative energy. (rN+)
You are resistant to electric shocks. (rElec)
You are resistant to unholy torment.
You are immune to petrification.
You are partially covered in iridescent scales. (AC +2)
You are frail. (-10% HP)
Your magical capacity is very low. (-20% MP)
Your spells are a little easier to cast, but a little less powerful.


Message History

You block the electric golem's attack. The electric golem hits you.
The electric golem shocks you. You resist.
The electric golem completely misses you.
The electric golem barely misses you.
You closely miss the electric golem.
The electric golem is almost destroyed.
The electric golem crackles and sizzles.
The electric golem closely misses you.
You block the electric golem's attack. x2
The electric golem hits you but does no damage.
You impale the electric golem!!
You destroy the electric golem!
Okawaru accepts your kill.
Your base Long Blades skill increases to level 17!
Unknown command.
Unknown command.
A golden dragon comes into view.
A golden dragon is nearby!
A golden dragon is nearby!
A golden dragon is nearby!
A golden dragon is nearby!
You rampage towards the golden dragon!
The golden dragon breathes cold at you. The bolt of cold hits you. You resist.
You rampage towards the golden dragon!
You see here the +3 chain mail of the Fiend {rElec Will- Slay+2 Stlth+}.
You rampage towards the orb of fire!
The orb of fire glows yellow.
The fireball explodes!
The fireball engulfs you!! You resist.
* * * LOW HITPOINT WARNING * * *
The fireball engulfs the orb of fire.
The orb of fire completely resists.
Things that are here:
the ring "Cuhimonwidgh" {rElec rC- MP+9 Str+4}; a potion of resistance; a +4 ring of protection You barely miss the orb of fire.
Unknown command.
You skewer the orb of fire like a kebab!!!
You freeze the orb of fire.
The orb of fire is moderately damaged.
The orb of fire glows red.
The fireball explodes!
The fireball engulfs you!!! You resist.
You die...

)▓.▓)▓.▓.▓.▓.▓.▓.▓
)▓.▓(▓.▓.▓.▓.▓.▓.▓
)▓.▓'▓.▓[▓.▓)▓.▓.▓
'▓.▓.▓.▓[▓.▓)▓.▓'▓
.♣.▓.▓.▓[▓.▓)▓.▓.▓
†♣.▓.▓.▓[▓.▓)▓.▓'▓
.♣.▓.▓.▓[▓.▓)▓.▓D▓
.♣.▓.▓.▓[▓.▓.▓.▓*▓
.♣.▓)▓.▓[▓.▓.▓.▓@▓
.♣.▓)▓.▓.▓.▓.▓.▓'▓
.♣.▓.▓.▓.▓.▓.▓.▓[▓
.♣.▓.▓.▓.▓.▓.▓.▓.▓
.♣.▓.▓.▓)▓.▓)▓.▓.▓
.♣.▓.▓.▓)▓.▓)▓.▓.▓
[♣.▓.▓.▓)▓.▓)▓.▓.▓
.♣.▓.▓.▓.▓.▓.▓.▓.▓
†♣.▓)▓.▓)▓.▓.▓.▓.▓


You could see an orb of fire and a golden dragon (catching breath).

Vanquished Creatures
  An ancient lich (D)
  2 orbs of fire (D)
  Boris (D)
  A curse toe (D)
  Xtahua (D)
  Frederick (D)
  4 golden dragons (D)
  Nikola (D)
  Jory (D)
  A bone dragon (D)
  3 electric golems (D)
  3 tentacled monstrosities (D)
  Rupert (D)
  15 Orb Guardians (D)
  2 liches (D)
  2 quicksilver dragons (D)
  3 sphinxes (D)
  8 shadow dragons (D)
  Gastronok (D)
  4 death cobs (D)
  2 tengu reavers (D)
  Agnes (D)
  2 fenstrider witches (D)
  2 draconian monks (D)
  2 storm dragons (D)
  Donald (D)
  4 emperor scorpions (D)
  4 nagarajas (D)
  An iron dragon (D)
  2 frost giants (D)
  A draconian scorcher (D)
  6 vault wardens (D)
  Louise (D)
  Aizul (D)
  A draconian shifter (D)
  2 ghost moths (D)
  A draconian stormcaller (D)
  A quicksilver ooze (shapeshifter) (D)
  2 ironbound preservers (D)
  3 green draconians (D)
  2 stone giants (D)
  3 very ugly things (D)
  2 black draconians (D)
  2 ironbound thunderhulks (D)
  2 vampire knights (D)
  3 red draconians (D)
  A purple draconian (D)
  3 dire elephants (D)
  3 yellow draconians (D)
  4 white draconians (D)
  A spark wasp (D)
  An entropy weaver (D)
  Josephine (D)
  3 fire dragons (D)
  6 merfolk javelineers (D)
  3 merfolk impalers (D)
  4 yaktaur captains (D)
  A great orb of eyes (D)
  5 hydras (D)
  A rakshasa (D)
  Erolcha (D)
  7 ice dragons (D)
  4 ogre magi (D)
  25 vault guards (D)
  A death knight (D)
  2 centaur warriors (D)
  5 two-headed ogres (D)
  3 ironbound frosthearts (D)
  3 anacondas (D)
  A merfolk avatar (D)
  A naga warrior (D)
  A tengu warrior (D)
  2 deep troll shamans (D)
  A naga sharpshooter (D)
  A deep troll earth mage (D)
  A shock serpent (D)
  An orc high priest (D)
  2 hell knights (D)
  Nergalle (D)
  2 goliath frogs (D)
  A sun moth (D)
  A glowing orange brain (D)
  3 spriggan druids (D)
  2 ironbound convokers (D)
  A lindwurm (D)
  9 swamp dragons (D)
  4 wizards (D)
  A harpy (D)
  A deep elf pyromancer (D)
  2 necromancers (D)
  A cyclops (D)
  2 orc knights (D)
  An orc sorcerer (D)
  A wolf spider (D)
  7 moths of wrath (D)
  A water nymph (D)
  7 elephants (D)
  5 naga magi (D)
  2 black mambas (D)
  4 guardian serpents (D)
  2 merfolk sirens (D)
  2 vault sentinels (D)
  4 cane toads (D)
  A rime drake (D)
  2 komodo dragons (D)
  2 demonic crawlers (D)
  2 tengu conjurers (D)
  4 merfolk (D)
  A troll (D)
  A meliai (D)
  A polar bear (D)
  A raiju (shapeshifter) (D)
  A hornet (D)
  4 slime creatures (D)
  A blink frog (D)
  A snapping turtle (D)
  A dream sheep (shapeshifter) (D)
  2 jumping spiders (D)
  A culicivora (D)
  A spriggan (D)
  A wyvern (D)
  4 wraiths (D)
  3 yaks (D)
  A water elemental (D)
  3 redbacks (D)
  2 nagas (D)
  An acid dragon (D)
  3 water moccasins (D)
  A swamp drake (D)
  10 orc warriors (D)
  6 ogres (D)
  A boggart (D)
  A wolf (D)
  3 centaurs (D)
  A phantom (D)
  A bullfrog (D)
  A necrophage (D)
  A scorpion (D)
  2 orc priests (D)
  A hound (D)
  4 orc wizards (D)
  A hell rat (D)
  6 orcs (D)
  An endoplasm (D)
  A goblin (D)
  A hobgoblin (D)
  A jackal (D)
  A ball python (D)
366 creatures vanquished.

Vanquished Creatures (others)
  A lich (D)
  Ilsuiw (D)
  A draconian stormcaller (D)
  A wizard (D)
  A jumping spider (D)
5 creatures vanquished.

Grand Total: 371 creatures vanquished

Notes
Turn   | Place    | Note
-------+----------+-------------------------------------------
     0 | D        | mhtbhm the Gargoyle Fighter began the quest for the Orb.
     0 | D        | Reached XP level 1. HP: 14/14 MP: 1/1
   110 | D        | Noticed a hound
   110 | D        | Noticed a water moccasin
   110 | D        | Noticed a necrophage
   110 | D        | Noticed a phantom
   110 | D        | Noticed a scorpion
   118 | D        | Killed a scorpion
   119 | D        | Reached skill level 5 in Fighting
   119 | D        | Reached skill level 5 in Armour
   119 | D        | Reached skill level 5 in Shields
   119 | D        | Reached XP level 2. HP: 21/21 MP: 2/2
   119 | D        | Reached XP level 3. HP: 26/26 MP: 3/3
   119 | D        | Reached XP level 4. HP: 31/31 MP: 4/4
   130 | D        | Killed a phantom
   131 | D        | Reached XP level 5. HP: 24/37 MP: 5/5
   140 | D        | Reached skill level 5 in Maces & Flails
   143 | D        | Killed a water moccasin
   144 | D        | Reached skill level 1 in Dodging
   144 | D        | Reached XP level 6. HP: 28/44 MP: 6/6
   159 | D        | Found a snail-covered altar of Cheibriados.
   159 | D        | Found a shadowy altar of Dithmenos.
   159 | D        | Found a white marble altar of Elyvilon.
   159 | D        | Found a blossoming altar of Fedhas.
   159 | D        | Found an opulent altar of Gozag.
   160 | D        | Found a hazy altar of Hepliaklqana.
   161 | D        | Found a viscous altar of Jiyva.
   162 | D        | Found an ancient bone altar of Kikubaaqudgha.
   163 | D        | Found a corrupted altar of Lugonu.
   164 | D        | Found a burning altar of Makhleb.
   165 | D        | Found a sparkling altar of Nemelex Xobeh.
   166 | D        | Found an iron altar of Okawaru.
   167 | D        | Found a stormy altar of Qazlal.
   168 | D        | Found a sacrificial altar of Ru.
   169 | D        | Found a shimmering blue altar of Sif Muna.
   170 | D        | Found a bloodstained altar of Trog.
   171 | D        | Found a hide-covered altar of Uskayaw.
   172 | D        | Found a radiant altar of Vehumet.
   173 | D        | Found an ornate altar of the Wu Jian Council.
   174 | D        | Found a shimmering altar of Xom.
   175 | D        | Found a basalt altar of Yredelemnul.
   178 | D        | Became a worshipper of Warmaster Okawaru
   181 | D        | Found a glowing silver altar of Zin.
   182 | D        | Found a glowing golden altar of the Shining One.
   199 | D        | Got the +2 morningstar of Satyriasis {drain, rElec rC+
                  | Str-5 Dex+7}
   289 | D        | Noticed a yak
   289 | D        | Noticed a two-headed ogre
   289 | D        | Noticed a wyvern
   289 | D        | Noticed a yak
   300 | D        | Killed a yak
   301 | D        | Reached XP level 7. HP: 46/50 MP: 6/9
   307 | D        | Killed a wyvern
   307 | D        | Reached * piety under Okawaru
   311 | D        | Killed a two-headed ogre
   311 | D        | Reached ** piety under Okawaru
   312 | D        | Reached skill level 10 in Armour
   312 | D        | Reached XP level 8. HP: 57/57 MP: 8/12
   314 | D        | Killed a yak
   314 | D        | Reached *** piety under Okawaru
   315 | D        | Reached skill level 10 in Maces & Flails
   400 | D        | Noticed a tengu conjurer
   400 | D        | Noticed a troll
   400 | D        | Noticed a deep elf pyromancer
   400 | D        | Noticed a raiju
   400 | D        | Noticed a two-headed ogre
   413 | D        | Killed a raiju
   414 | D        | Reached skill level 10 in Fighting
   414 | D        | Reached XP level 9. HP: 62/62 MP: 12/14
   416 | D        | Killed a two-headed ogre
   416 | D        | Reached **** piety under Okawaru
   417 | D        | Reached skill level 1 in Evocations
   430 | D        | Killed a tengu conjurer
   435 | D        | Killed a deep elf pyromancer
   442 | D        | Reached ***** piety under Okawaru
   451 | D        | Killed a troll
   666 | D        | Noticed a six-headed hydra
   666 | D        | Noticed a komodo dragon
   666 | D        | Noticed a black mamba
   666 | D        | Noticed a cane toad
   669 | D        | Noticed a cane toad
   671 | D        | Reached XP level 10. HP: 68/68 MP: 16/16
   673 | D        | Killed a cane toad
   674 | D        | Noticed an elephant
   679 | D        | Killed a black mamba
   682 | D        | Reached skill level 5 in Dodging
   682 | D        | Reached skill level 10 in Shields
   687 | D        | Killed a six-headed hydra
   688 | D        | Reached skill level 10 in Invocations
   692 | D        | Killed a cane toad
   692 | D        | Identified the +7 chain mail of Seda {-Cast Harm rElec
                  | Regen+} (Okawaru gifted it to you in the Dungeon)
   692 | D        | Received a gift from Okawaru
   700 | D        | Killed an elephant
   969 | D        | Noticed a cane toad
   969 | D        | Noticed a cane toad
   975 | D        | Killed a cane toad
   986 | D        | Reached XP level 11. HP: 69/76 MP: 19/19
   992 | D        | Reached skill level 15 in Maces & Flails
  1030 | D        | Noticed a dire elephant
  1031 | D        | Noticed a dire elephant
  1066 | D        | Killed a dire elephant
  1066 | D        | Reached ****** piety under Okawaru
  1072 | D        | Killed a dire elephant
  1164 | D        | Noticed Gastronok
  1178 | D        | Killed Gastronok
  1178 | D        | Received a gift from Okawaru
  1286 | D        | Noticed an orc sorcerer
  1315 | D        | Paralysed by an orc sorcerer for 5 turns
  1323 | D        | Killed an orc sorcerer
  1371 | D        | Noticed an orc knight
  1375 | D        | Noticed an orc high priest
  1382 | D        | Killed an orc knight
  1383 | D        | Reached XP level 12. HP: 68/85 MP: 21/21
  1404 | D        | Killed an orc high priest
  1630 | D        | Found Kuudir's Magic Scroll Boutique.
  1630 | D        | Noticed an ogre mage
  1630 | D        | Noticed an ogre mage
  1637 | D        | Killed an ogre mage
  1638 | D        | Found Nedghapn's Armour Shop.
  1638 | D        | Noticed a two-headed ogre
  1642 | D        | Killed an ogre mage
  1642 | D        | Received a gift from Okawaru
  1651 | D        | Found Zuuliok's Weapon Boutique.
  1657 | D        | Killed a two-headed ogre
  1657 | D        | Identified the +0 chain mail of the Land of Plenty {rElec
                  | Slay+4} (Okawaru gifted it to you in the Dungeon)
  1657 | D        | Received a gift from Okawaru
  1658 | D        | Reached skill level 15 in Fighting
  1770 | D        | Found Hyagg's General Store.
  1772 | D        | Noticed an ogre mage
  1773 | D        | Noticed a two-headed ogre
  1774 | D        | Noticed a two-headed ogre
  1778 | D        | Noticed an ogre mage
  1779 | D        | Killed an ogre mage
  1784 | D        | Killed a two-headed ogre
  1789 | D        | Killed a two-headed ogre
  1798 | D        | Killed an ogre mage
  1839 | D        | Bought the +1 cloak of a Labyrinth {Dex+6} for 378 gold
                  | pieces
  1843 | D        | Bought a scroll of enchant armour for 105 gold pieces
  1843 | D        | Bought a scroll of fear for 56 gold pieces
  1843 | D        | Bought a potion of curing for 42 gold pieces
  1843 | D        | Bought a +6 war axe of holy wrath for 536 gold pieces
  1843 | D        | Bought 2 potions of lignification for 84 gold pieces
  1849 | D        | Bought a scroll of fear for 52 gold pieces
  1849 | D        | Bought a scroll of fear for 52 gold pieces
  1849 | D        | Bought a scroll of poison for 52 gold pieces
  1849 | D        | Bought a scroll of immolation for 52 gold pieces
  1849 | D        | Bought a scroll of identify for 26 gold pieces
  1849 | D        | Bought a scroll of identify for 26 gold pieces
  1855 | D        | Bought a book of Changes for 252 gold pieces
  1858 | D        | Learned a level 2 spell: Wereblood
  1916 | D        | Noticed Erolcha
  1921 | D        | Killed Erolcha
  2037 | D        | Noticed an eight-headed hydra
  2037 | D        | Noticed a centaur warrior
  2037 | D        | Noticed an eight-headed hydra
  2037 | D        | Noticed a death knight
  2049 | D        | Killed a death knight
  2053 | D        | Killed an eight-headed hydra
  2053 | D        | Noticed a centaur warrior
  2058 | D        | Noticed a purple very ugly thing
  2059 | D        | Reached skill level 15 in Invocations
  2061 | D        | Noticed an ice dragon
  2063 | D        | Killed a centaur warrior
  2067 | D        | Killed an eight-headed hydra
  2068 | D        | Noticed a tengu warrior
  2069 | D        | Noticed a fire dragon
  2142 | D        | Killed a purple very ugly thing
  2143 | D        | Reached XP level 13. HP: 64/95 MP: 24/24
  2254 | D        | Killed an ice dragon
  2254 | D        | Received a gift from Okawaru
  2300 | D        | Killed a fire dragon
  2403 | D        | Noticed Josephine
  2420 | D        | Killed Josephine
  2435 | D        | Noticed Aizul
  2451 | D        | Killed Aizul
  2454 | D        | Noticed Rupert
  2455 | D        | Paralysed by Rupert for 3 turns
  2474 | D        | Killed Rupert
  2474 | D        | Received a gift from Okawaru
  2534 | D        | Noticed Nergalle
  2555 | D        | Killed Nergalle
  2594 | D        | Noticed a merfolk impaler
  2603 | D        | Reached skill level 15 in Armour
  2619 | D        | Killed a merfolk impaler
  2620 | D        | Reached skill level 15 in Shields
  2706 | D        | Identified the +2 pair of boots of the Gardener {Harm}
                  | (Okawaru gifted it to you in the Dungeon)
  2706 | D        | Received a gift from Okawaru
  2741 | D        | Noticed a fenstrider witch
  2741 | D        | Noticed a fenstrider witch
  2750 | D        | Killed a fenstrider witch
  2751 | D        | Gained mutation: Your large and strong wings let you fly.
                  | [Gargoyle growth]
  2751 | D        | Reached XP level 14. HP: 61/104 MP: 26/26
  2774 | D        | Killed a fenstrider witch
  2805 | D        | Noticed a dire elephant
  2823 | D        | Killed a dire elephant
  2903 | D        | Noticed an entropy weaver
  2909 | D        | Killed an entropy weaver
  3022 | D        | Killed a ghost moth
  3153 | D        | Noticed a frost giant
  3153 | D        | Noticed a vampire knight
  3172 | D        | Killed a vampire knight
  3190 | D        | Noticed a stone giant
  3191 | D        | Killed a frost giant
  3193 | D        | Identified the -1 pair of boots of Obaunk {rPois} (Okawaru
                  | gifted it to you in the Dungeon)
  3193 | D        | Received a gift from Okawaru
  3319 | D        | Killed a stone giant
  3389 | D        | Noticed a cyan very ugly thing
  3390 | D        | Noticed a vampire knight
  3391 | D        | Noticed a cyan very ugly thing
  3401 | D        | Killed a cyan very ugly thing
  3408 | D        | Killed a cyan very ugly thing
  3415 | D        | Killed a vampire knight
  3466 | D        | Noticed an ironbound preserver
  3531 | D        | Reached XP level 15. HP: 99/113 MP: 28/28
  3577 | D        | Noticed a sphinx
  3613 | D        | Killed a sphinx
  3776 | D        | Noticed an emperor scorpion
  3789 | D        | Killed an emperor scorpion
  3815 | D        | Identified the +0 ring mail of Vexation {*Corrode rElec
                  | Int+3} (Okawaru gifted it to you in the Dungeon)
  3815 | D        | Received a gift from Okawaru
  3826 | D        | Noticed Boris
  3849 | D        | Killed Boris
  3953 | D        | Got the +0 pair of gloves "Avveh" {rCorr}
  4134 | D        | Killed a ghost moth
  4278 | D        | Noticed an emperor scorpion
  4295 | D        | Killed an emperor scorpion
  4360 | D        | Noticed Xtahua
  4374 | D        | Killed Xtahua
  4643 | D        | Noticed a nagaraja
  4643 | D        | Noticed a nagaraja
  4644 | D        | Noticed a nagaraja
  4651 | D        | Killed a nagaraja
  4768 | D        | Killed a nagaraja
  4770 | D        | Killed a nagaraja
  4931 | D        | Noticed a nagaraja
  4942 | D        | Killed a nagaraja
  4950 | D        | Got a serpentine rune of Zot
  5059 | D        | Got a decaying rune of Zot
  5067 | D        | Noticed Ilsuiw
  5093 | D        | Killed Ilsuiw
  5096 | D        | Identified the +4 morningstar "Bixithiadgh" {freeze, Int+4
                  | Dex+4} (Okawaru gifted it to you in the Dungeon)
  5096 | D        | Received a gift from Okawaru
  5111 | D        | Reached XP level 16. HP: 59/124 MP: 31/31
  5167 | D        | Got a barnacled rune of Zot
  5539 | D        | Got a gossamer rune of Zot
  5553 | D        | Noticed Louise
  5560 | D        | Killed Louise
  5563 | D        | Noticed Jory
  5580 | D        | Killed Jory
  5580 | D        | Identified the +1 pair of gloves "Gef Cubb" {rPois rN+
                  | Int+4 SInv} (Okawaru gifted it to you in the Dungeon)
  5580 | D        | Received a gift from Okawaru
  5873 | D        | Found the +1 cloak of Starlight {*Dazzle EV+4 Stlth--}
  5873 | D        | Noticed a golden dragon
  5873 | D        | Noticed a tengu reaver
  5878 | D        | Noticed a sphinx
  5888 | D        | Killed a tengu reaver
  5892 | D        | Received a gift from Okawaru
  5901 | D        | Noticed a tengu reaver
  5907 | D        | Noticed a shadow dragon
  5914 | D        | Killed a golden dragon
  5915 | D        | Noticed a shadow dragon
  5928 | D        | Killed a sphinx
  5954 | D        | Reached skill level 1 in Throwing
  5959 | D        | Killed a tengu reaver
  5963 | D        | Killed a shadow dragon
  5970 | D        | Killed a shadow dragon
  5973 | D        | Identified the +5 broad axe of Meotzat {pain, *Noise Str+4}
                  | (Okawaru gifted it to you in the Dungeon)
  5973 | D        | Received a gift from Okawaru
  5980 | D        | Reached XP level 17. HP: 73/135 MP: 31/33
  6114 | D        | Reached skill level 27 in Shields
  6200 | D        | Identified the ring of the Witching Jester {AC+4 Dex+4
                  | Slay+2}
  6204 | D        | Got a silver rune of Zot
  6227 | D        | Noticed Agnes
  6233 | D        | Killed Agnes
  6234 | D        | Reached skill level 5 in Throwing
  6262 | D        | Noticed Frederick
  6272 | D        | Killed Frederick
  6306 | D        | Got the ring of Generosity {Wiz *Corrode *Slow rN++ MP+9}
  6308 | D        | Got the ring "Cuhimonwidgh" {rElec rC- MP+9 Str+4}
  6310 | D        | Got the amulet "Sadigurot" {RegenMP Will- Str+7}
  6312 | D        | Got the ring "Wotuv" {rC+ Slay+3}
  6314 | D        | Got the amulet of Vezogh {RegenMP +Blink rF+ rC- MP+9}
  6426 | D        | Noticed Nikola
  6430 | D        | Noticed Donald
  6439 | D        | Killed Nikola
  6448 | D        | Killed Donald
  6531 | D        | Noticed a lich
  6531 | D        | Noticed a sphinx
  6531 | D        | Noticed a lich
  6532 | D        | Noticed a lich
  6547 | D        | Killed a lich
  6547 | D        | Received a gift from Okawaru
  6550 | D        | Killed a sphinx
  6551 | D        | Reached skill level 1 in Stealth
  6557 | D        | Killed a lich
  6560 | D        | Killed a lich
  6567 | D        | Reached skill level 27 in Fighting
  6606 | D        | Noticed a golden dragon
  6606 | D        | Noticed a golden dragon
  6606 | D        | Noticed a bone dragon
  6618 | D        | Killed a bone dragon
  6619 | D        | Reached skill level 27 in Maces & Flails
  6634 | D        | Killed a golden dragon
  6640 | D        | Killed a golden dragon
  6641 | D        | Reached skill level 27 in Invocations
  6660 | D        | Reached skill level 5 in Stealth
  6788 | D        | Noticed a tentacled monstrosity
  6804 | D        | Killed a tentacled monstrosity
  6843 | D        | Reached skill level 10 in Stealth
  6872 | D        | Noticed an electric golem
  6872 | D        | Noticed a tentacled monstrosity
  6905 | D        | Killed a tentacled monstrosity
  6905 | D        | Received a gift from Okawaru
  6940 | D        | Killed an electric golem
  7113 | D        | Noticed a death cob
  7113 | D        | Noticed a death cob
  7114 | D        | Noticed a tentacled monstrosity
  7123 | D        | Killed a death cob
  7124 | D        | Reached XP level 18. HP: 111/145 MP: 35/35
  7129 | D        | Killed a tentacled monstrosity
  7256 | D        | Reached skill level 15 in Stealth
  7415 | D        | Noticed an Orb Guardian
  7415 | D        | Noticed an Orb Guardian
  7415 | D        | Noticed an Orb Guardian
  7415 | D        | Noticed an Orb Guardian
  7415 | D        | Noticed an Orb Guardian
  7415 | D        | Noticed an Orb Guardian
  7422 | D        | Noticed an Orb Guardian
  7429 | D        | Killed an Orb Guardian
  7430 | D        | Reached skill level 27 in Armour
  7432 | D        | Killed an Orb Guardian
  7432 | D        | Received a gift from Okawaru
  7439 | D        | Killed an Orb Guardian
  7447 | D        | Killed an Orb Guardian
  7459 | D        | Killed an Orb Guardian
  7464 | D        | Killed an Orb Guardian
  7466 | D        | Killed an Orb Guardian
  7468 | D        | Noticed an Orb Guardian
  7469 | D        | Noticed an Orb Guardian
  7469 | D        | Noticed an Orb Guardian
  7483 | D        | Killed an Orb Guardian
  7488 | D        | Killed an Orb Guardian
  7491 | D        | Killed an Orb Guardian
  7522 | D        | Noticed an Orb Guardian
  7522 | D        | Noticed an Orb Guardian
  7522 | D        | Noticed a quicksilver dragon
  7523 | D        | Noticed an Orb Guardian
  7525 | D        | Noticed an Orb Guardian
  7544 | D        | Killed a quicksilver dragon
  7545 | D        | Reached skill level 5 in Long Blades
  7556 | D        | Killed an Orb Guardian
  7560 | D        | Killed an Orb Guardian
  7580 | D        | Killed an Orb Guardian
  7581 | D        | Killed an Orb Guardian
  7581 | D        | Received a gift from Okawaru
  7582 | D        | Reached skill level 10 in Long Blades
  7602 | D        | Noticed an ancient lich
  7621 | D        | Killed an ancient lich
  7624 | D        | Noticed an orb of fire
  7624 | D        | Gained mutation: Your spells are a little easier to cast,
                  | but a little less powerful. [an orb of fire]
  7908 | D        | Gained mutation: Your magical capacity is low. (-10% MP)
                  | [an orb of fire]
  7926 | D        | Gained mutation: You are partially covered in iridescent
                  | scales. (AC +2) [an orb of fire]
  7930 | D        | Killed an orb of fire
  7931 | D        | Reached skill level 5 in Evocations
  8006 | D        | Noticed an electric golem
  8020 | D        | Killed an electric golem
  8046 | D        | Noticed a curse toe
  8046 | D        | Noticed an orb of fire
  8046 | D        | Noticed a quicksilver dragon
  8046 | D        | Noticed an electric golem
  8046 | D        | Noticed an Orb Guardian
  8048 | D        | Killed an Orb Guardian
  8049 | D        | Noticed an orb of fire
  8051 | D        | Killed a quicksilver dragon
  8051 | D        | Gained mutation: You are frail. (-10% HP) [an orb of fire]
  8052 | D        | Gained mutation: Your magical capacity is very low. (-20%
                  | MP) [an orb of fire]
  8150 | D        | Noticed a golden dragon
  8170 | D        | Killed an orb of fire
  8171 | D        | Reached skill level 15 in Long Blades
  8174 | D        | Killed a curse toe
  8178 | D        | Killed a golden dragon
  8178 | D        | Identified the +3 chain mail of the Fiend {rElec Will-
                  | Slay+2 Stlth+} (Okawaru gifted it to you in the Dungeon)
  8178 | D        | Received a gift from Okawaru
  8186 | D        | Killed an electric golem
  8189 | D        | Noticed a golden dragon
  8194 | D        | Killed from afar by an orb of fire

Illustrated notes

Levels and vault maps discovered:
D:        linesprint [early_d, line_temple, items_1, d_10, items_2, lair_1,
          lair_end, items_3, orc_1, orc_end, items_4, d_15, swamp_1, shoals_1,
          snake_1, spider_1, d_20, vaults_1, items_5, swamp_end, shoals_end,
          snake_end, spider_end, vaults_end, d_27, items_6, zot_1, zot_end,
          crypt_end, forest_end, elf_end, slime_end, tomb_end, abyss_end,
          pan_hell_end]

Skill      XL: |  1  2  3  4  5  6  7  8  9 10 11 12 13 14 15 16 17 18 |
---------------+-------------------------------------------------------+-----
Armour         | 5 6 8 9 10 11 12 13 15 16 17 18 24 27 | 27.0
Fighting       | 5 6 7 8 9 10 12 14 16 18 20 22 25 27 | 27.0
Maces & Flails | 3 4 6 7 9 10 12 14 17 19 20 21 23 25 27 | 27.0
Shields        | 5 6 7 8 9 10 11 12 16 20 23 26 27 | 27.0
Dodging        | 1 2 3 4 5 6 7 8 |  8.8
Invocations    | 3 6 7 9 11 13 15 17 19 22 24 27 | 27.0
Evocations     | 2 3 4 5 |  5.1
Throwing       | 2 5 7 |  7.7
Stealth        | 12 21 | 21.9
Long Blades    | 17 | 17.1

Action                   |  1- 3 |  4- 6 |  7- 9 | 10-12 | 13-15 | 16-18 || total
-------------------------+-------+-------+-------+-------+-------+-------++-------
Melee: Flail             |    19 |    34 |       |       |       |       ||    53
       Morningstar       |       |    11 |    44 |   279 |   632 |  1081 ||  2047
       Demon whip        |       |       |       |    36 |    89 |       ||   125
Throw: Boomerang         |       |       |       |       |     1 |     1 ||     2
       Throwing net      |       |       |       |       |     1 |       ||     1
       Javelin           |       |       |       |       |       |    18 ||    18
Invok: Heroism           |       |       |       |       |     1 |     5 ||     6
       Finesse           |       |       |       |       |       |     4 ||     4
Evoke: Wand              |       |       |     5 |     5 |       |       ||    10
  Use: Potion            |     1 |       |     3 |     4 |     5 |     6 ||    19
       Scroll            |       |       |       |     1 |     5 |     4 ||    10
 Stab: Invisible         |       |       |       |       |       |    11 ||    11
Armor: Scale mail        |     7 |    17 |    24 |    21 |       |       ||    69
       Chain mail        |       |       |       |    96 |   260 |       ||   356
       Gold dragon scale |       |       |       |       |   103 |   351 ||   454
Dodge: Dodged            |     8 |    25 |    25 |    78 |   117 |   226 ||   479
Block: Buckler           |     2 |    15 |    14 |    51 |       |       ||    82
       Tower shield      |       |       |       |    22 |   579 |   286 ||   887
       Kite shield       |       |       |       |       |       |   351 ||   351
       Reflection        |       |       |       |       |       |     1 ||     1

Table legend: (Time is in decaauts)
 A = Elapsed time spent in this place.
 B = Non-inter-level travel time spent in this place.
 C = Inter-level travel time spent in this place.
 D = Time resting spent in this place.
 E = Time spent auto-exploring this place.
 F = Levels seen in this place.
 G = Mean time per level.
                   A        B        C        D        E       F      G
               +--------+--------+--------+--------+--------+-----+--------+
         Total |   7710 |   7710 |      0 |   2034 |   2187 |   1 | 7710.0 |
       Dungeon |   7710 |   7710 |      0 |   2034 |   2187 |   1 | 7710.0 |
               +--------+--------+--------+--------+--------+-----+--------+

Top non-repeatable levels by time:
       D: 7710 daAuts
